 Dungeon Crawl Stone Soup version 0.21.1-1-g345015f (webtiles) character file.

54 inc the Conjurer (level 3, 14/14 HPs)
             Began as a Felid Wizard on Mar 13, 2018.
             Quit the game on level 3 of the Dungeon.
             The game lasted 00:03:42 (2601 turns).

inc the Conjurer (Felid Wizard)                     Turns: 2601, Time: 00:03:43

Health: 14/14      AC:  1    Str:  3    XL:     3   Next: 66%
Magic:  8/8        EV: 18    Int: 20    God:
Gold:   153        SH:  0    Dex: 17    Spells: 7/8 levels left
                                        Lives:  0   Deaths: 1

rFire    . . .     SeeInvis +   (weapon unavailable)
rCold    . . .     Gourm    .   (shield unavailable)
rNeg     . . .     Faith    .   (armour unavailable)
rPois    +         Spirit   .   (helmet unavailable)
rElec    .         Reflect  .   (cloak unavailable)
rCorr    .         Harm     .   (gloves unavailable)
MR       .....                  (boots unavailable)
Stlth    +++.......             (no amulet)
HPRegen  0.04/turn              f - +3 ring of dexterity
MPRegen  0.11/turn              m - ring of poison resistance

@: quick
A: very small, no armour, no weapons or thrown items, stealth, claws 1, fangs 3,
see invisible, carnivore, speed 1, shaggy fur 1, slow metabolism 1, sharp paws
a: no special abilities


You were on level 3 of the Dungeon.
You were not hungry.

You visited 1 branch of the dungeon, and saw 3 of its levels.

You collected 153 gold pieces.

Inventory:

Jewellery
 f - a +3 ring of dexterity (left paw)
 m - a ring of poison resistance (right paw)
 n - an uncursed ring of wizardry {unknown}
Scrolls
 c - a scroll of magic mapping {unknown}
 d - a scroll of fear {unknown}
 i - a scroll of remove curse
 k - a scroll of noise {unknown}
 l - a scroll of fog {unknown}
Potions
 e - 2 potions of curing {unknown}
 g - 2 potions of agility {unknown}
 h - a potion of mutation {unknown}
 j - a potion of invisibility {unknown}
Books
 a - a book of Minor Magic

   Spells                             Type                      Level
   a - Magic Dart                     Conjuration                  1
   b - Blink                          Translocation                2
   c - Call Imp                       Summoning                    2
   d - Slow                           Hexes                        2
   e - Conjure Flame                  Conjuration/Fire             3
   f - Mephitic Cloud                 Conjuration/Poison/Air       3
Comestibles
 b - 4 rations


   Skills:
 - Level 2.6 Dodging
 - Level 2.6 Stealth
 - Level 3.0 Spellcasting
 + Level 4.2 Conjurations
   Level 1.0 Summonings
   Level 1.5 Translocations


You had 7 spell levels left.
You knew the following spells:

 Your Spells              Type           Power        Failure   Level  Hunger
a - Magic Dart            Conj           ###.         2%          1    None


Dungeon Overview and Level Annotations

Branches:
Dungeon (3/15)

Altars:
Gozag
Hepliaklqana
Okawaru
Yredelemnul

Annotations:
D:3 Exporg's ghost, amateur GrFi


Innate Abilities, Weirdness & Mutations

You cannot wear armour.
You are incapable of wielding weapons or throwing items.
Your paws allow you to move quietly. (Stealth)
You have sharp claws.
You have razor-sharp teeth.
You have supernaturally acute eyesight. (SInv)
You are carnivorous and can eat meat at any time.
You cover ground quickly.
You are covered in fur. (AC +1)
You have a slow metabolism.
Your sharp claws are effective at attacking unaware monsters.


Message History

* * * LOW HITPOINT WARNING * * *
Casting: Magic Dart
Confirm with . or Enter, or press ? or * to list all spells.
You don't have enough magic to cast that spell.
Unknown command.
Casting: Magic Dart
Confirm with . or Enter, or press ? or * to list all spells.
You don't have enough magic to cast that spell.
Unknown command.
The orc wizard begins to cast a cantrip, but forgets the words!
The orc wizard gestures at you while chanting.
The puff of frost hits you!
You die...
You are now level 3!
You rejoin the land of the living...
Unknown command.
Unknown command.
Unknown command.
Unknown command.
Are you sure you want to abandon this character and quit the game? (Confirm with "yes".)

..o## #........# #......
#...# #.###.#.## #######
#..)######.##..#.#
#........#.##†##.#
####...###....##....# #
.................#..###.
#
................###....
#
.....%.)......#.†#..###.
####
####.._......###@.†##
#... #...####.## #..##
#.## #...# #.####..##
#########.## #...#
#o#.o....# #......##.##
##.## #.#.##...#
#.####.##.## #.#
#.#.##...###.####.##.##
#####.#
#.o............##.##...
......
###.####.###.#.......##
###.#. #......#
#.####.##...


There were no monsters in sight!

Vanquished Creatures
  5 adders
  2 dart slugs (D:1)
  2 leopard geckos (D:2)
  6 orcs (D:3)
  A ball python (D:1)
  11 bats
  A giant cockroach (D:3)
  4 goblins
  9 hobgoblins
  2 quokkas (D:3)
  6 frilled lizards
  4 kobolds
  5 rats
58 creatures vanquished.

Notes
Turn   | Place    | Note
-------+----------+-------------------------------------------
     0 | D:1      | inc the Felid Wizard began the quest for the Orb.
     0 | D:1      | Reached XP level 1. HP: 7/7 MP: 5/5
    36 | D:1      | Reached skill level 1 in Conjurations
   373 | D:1      | Reached skill level 2 in Conjurations
   373 | D:1      | Reached XP level 2. HP: 11/11 MP: 0/7
   598 | D:2      | Found an iron altar of Okawaru.
   670 | D:2      | Reached XP level 3. HP: 14/14 MP: 4/8
   797 | D:2      | Reached skill level 3 in Conjurations
   960 | D:2      | Found a basalt altar of Yredelemnul.
  1650 | D:1      | Reached XP level 4. HP: 18/18 MP: 6/9
  2070 | D:3      | Noticed Exporg's ghost (amateur GrFi)
  2206 | D:3      | Reached skill level 4 in Conjurations
  2396 | D:3      | Found a hazy altar of Hepliaklqana.
  2527 | D:3      | Found an opulent altar of Gozag.
  2600 | D:3      | Killed from afar by an orc wizard
  2601 | D:3      | Reached XP level 3. HP: -5/14 MP: 0/8
  2601 | D:3      | Quit the game

Skill      XL: |  1  2  3  4 |
---------------+-------------+-----
Conjurations   | 2 3 4 |  4.2
Dodging        | |  2.6
Stealth        | |  2.6
Spellcasting   | |  3.0
Summonings     | |  1.0
Translocations | |  1.5

Action                   |  1- 3 |  4- 6 || total
-------------------------+-------+-------++-------
Melee: Unarmed           |    12 |     5 ||    17
 Cast: Magic Dart        |    75 |    61 ||   136
  Use: Scroll            |       |     1 ||     1
  Eat: Chunk             |     1 |     1 ||     2
Armor: Skin              |     1 |     1 ||     2
Dodge: Dodged            |    22 |    17 ||    39
